 Dungeon Crawl Stone Soup version 0.18-a0-1570-gf60b0ab (webtiles) character file.

146 M4edhros the Poker (level 5, -7/32 HPs)
             Began as an Octopode Chaos Knight on Mar 14, 2016.
             Mangled by an ettin (33 damage)
             ... on level 2 of the Dungeon.
             The game lasted 00:08:26 (7000 turns).

M4edhros the Poker (Octopode Chaos Knight)          Turns: 7000, Time: 00:08:26

Health: -7/32      AC:  1    Str:  9 (12) XL:     5   Next: 28%
Magic:  5/5        EV: 12    Int: 19 (22) God:    Xom [.....*]
Gold:   686        SH:  0    Dex:  9 (12) Spells: 0 memorised, 4 levels left

rFire  . . .     SeeInvis .     a - +0 spear (chaos)
rCold  . . .     Gourm    .     (no shield)
rNeg   . . .     Faith    .     (helmet restricted)
rPois  .         Spirit   .     (no amulet)
rElec  .         Dismiss  .     k - +6 ring of intelligence
rCorr  .         Reflect  .     (no ring)
SustAt .         Harm     .     (no ring)
MR     .....                    (no ring)
Stlth  ++........               (no ring)
                                (no ring)
                                (no ring)
                                (no ring)

@: not resistant to hostile enchantments, unstealthy
A: almost no armour, amphibious, 8 rings, constrict 8, camouflage 1, clever 1,
deterioration 2, frail 1, gelatinous body 1
a: Renounce Religion


You were on level 2 of the Dungeon.
You worshipped Xom.
You were Xom's teddy bear.
You were very hungry.

You visited 1 branch of the dungeon, and saw 2 of its levels.

You collected 686 gold pieces.

Inventory:

Hand Weapons
 a - a +0 spear of chaos (weapon)
 g - a +0 spear of freezing
Missiles
 d - 11 stones (quivered)
Jewellery
 k - a +6 ring of intelligence (left tentacle)
Scrolls
 e - 2 scrolls of identify {unknown}
 j - a scroll of enchant armour {unknown}
 l - a scroll of random uselessness {unknown}
Potions
 c - a potion of brilliance
Comestibles
 b - a bread ration
 f - 2 meat rations


   Skills:
 - Level 3.0 Fighting
 + Level 5.8 Polearms
 - Level 2.3 Dodging


You had 4 spell levels left.
You didn't know any spells.

Dungeon Overview and Level Annotations

Branches:
Dungeon (2/15)

Altars:


Innate Abilities, Weirdness & Mutations

You cannot wear most types of armour.
You are amphibious.
You can wear up to eight rings at the same time.
You can use your tentacles to constrict eight enemies at once.
Your skin changes colour to match your surroundings (Stealth).
Your rubbery body absorbs attacks (AC +1).
Your mind is acute. (Int +2)
Your body often deteriorates upon taking damage.
You are frail (-10% HP).


Message History

Follow me!
What do you say? t - Shout!
Orders for allies: a - Attack new target. p - Attack previous target. r - Retreat! s - Stop attacking. w - Wait here. f - Follow me.
Anything else - Stay silent.
Wait here!
Your dire flail hits the ettin!
Your dire flail hits the ettin but does no damage.
You see here a dire flail.
What do you say? t - Shout!
Orders for allies: a - Attack new target. p - Attack previous target. r - Retreat! s - Stop attacking. w - Wait here. f - Follow me.
Anything else - Stay silent.
Follow me!
Your dire flail hits the ettin.
The ettin hits you. The ettin hits you!!
Ouch! That really hurt!
You die...

#.###... ##.##....
##...#.##.
##......##.
#..........
##.........
#.....#... ##########
#.#.#.#...
#...@C(..###.#.#.#...
#.#####............#.
#############.#
#..####.####.#.
#...#.........#
#.(.......##...
#.....#########
#....##.#.###..
#...###
#####.#..##.#.# #..
##.## #...........#.#
#.. #.###
######.###....>..#.#
#.[ #.<.# #......#
##........###..


You could see an ettin and a friendly dire flail.

Vanquished Creatures
  2 gnolls (D:2)
  4 adders (D:2)
  An ooze (D:2)
  A worm (D:2)
  A dart slug (D:2)
  2 giant geckos (D:2)
  4 orcs (D:2)
  4 giant cockroaches
  3 hobgoblins (D:2)
  7 jackals (D:2)
  8 kobolds
  2 quokkas (D:2)
  6 bats (D:2)
  4 giant newts (D:2)
  3 goblins (D:2)
  3 rats (D:2)
55 creatures vanquished.

Vanquished Creatures (collateral kills)
  Jessica (D:2)
1 creature vanquished.

Vanquished Creatures (others)
  A dancing weapon (D:2)
  2 gnolls (D:2)
3 creatures vanquished.

Grand Total: 59 creatures vanquished

Notes
Turn   | Place    | Note
--------------------------------------------------------------
     0 | D:1      | M4edhros the Octopode Chaos Knight began the quest for the Orb.
     0 | D:1      | Reached XP level 1. HP: 16/16 MP: 1/1
     2 | D:1      | XOM: divination: detect items
    23 | D:1      | XOM: god gift: 590 gold pieces
   212 | D:2      | Noticed Jessica
   223 | D:2      | XOM: enchant monster (good)
   232 | D:2      | XOM: divination: detect creatures
   237 | D:2      | Killed Jessica
   237 | D:2      | Reached skill level 4 in Polearms
   237 | D:2      | Reached XP level 2. HP: 5/21 MP: 2/2
   440 | D:2      | XOM: give mutations
   440 | D:2      | Gained mutation: Your mind is acute. (Int +2) [Xom's mischief]
   440 | D:2      | Gained mutation: Your body sometimes deteriorates upon taking damage. [Xom's mischief]
   440 | D:2      | Gained mutation: Your body often deteriorates upon taking damage. [Xom's mischief]
   440 | D:2      | Gained mutation: You are frail (-10% HP). [Xom's mischief]
   594 | D:2      | XOM: divination: magic mapping
   679 | D:2      | XOM: god gift: pink potion
   702 | D:2      | XOM: harmless Erth miscast
   851 | D:2      | XOM: god gift: meat ration
  1311 | D:2      | XOM is BORED!
  1311 | D:2      | XOM: medium Erth miscast
  1324 | D:2      | XOM: 3-stop teleportation journey
  1484 | D:2      | Reached XP level 3. HP: 6/23 MP: 3/3
  1860 | D:2      | XOM: cast spell 'Hydra Form'
  2471 | D:2      | XOM: divination: detect items
  2602 | D:2      | XOM: god gift: 41 gold pieces
  2790 | D:2      | Reached XP level 4. HP: 15/27 MP: 4/4
  3350 | D:2      | Reached skill level 5 in Polearms
  3798 | D:2      | XOM: confuse monster(s)
  3800 | D:2      | XOM: harmless Pois miscast
  4065 | D:2      | Reached XP level 5. HP: 20/32 MP: 5/5
  6314 | D:2      | XOM: harmless Trmt miscast
  6527 | D:2      | XOM: vitrification
  6582 | D:2      | XOM: god gift: potion of brilliance
  6681 | D:2      | Noticed an ettin
  6722 | D:2      | XOM: cast spell 'Ring of Flames'
  6740 | D:2      | XOM: enchant monster (good)
  6756 | D:2      | XOM: confuse monster(s)
  6776 | D:2      | XOM: summons 4 friendly demons
  6787 | D:2      | XOM: enchant monster (good)
  6830 | D:2      | XOM: swap monsters
  6841 | D:2      | XOM: confuse monster(s)
  6845 | D:2      | XOM: summons 3 friendly demons
  6923 | D:2      | XOM: destruction
  6938 | D:2      | XOM: divination: detect creatures
  6940 | D:2      | XOM: divination: detect creatures
  6945 | D:2      | XOM: divination: detect creatures
  6946 | D:2      | XOM: confuse monster(s)
  6950 | D:2      | XOM: summons friendly quasit
  6960 | D:2      | XOM: summons friendly ice devil
  6972 | D:2      | XOM: enchant monster (good)
  7000 | D:2      | Mangled by an ettin

Vault maps used:
D:1:      wheals_arrival_linesprint, kennysheep_boxes
D:2:      uniq_jessica

Skill      XL: |  1  2  3  4 |
---------------+-------------+-----
Polearms       | 4 5 |  5.8
Fighting       | |  3.0
Dodging        | |  2.3

Action                   |  1- 3 |  4- 6 || total
-------------------------+-------+-------++-------
Melee: Spear             |    58 |    89 ||   147
       Unarmed           |     4 |       ||     4
  Use: Potion            |     5 |     3 ||     8
 Stab: Sleeping          |     2 |     2 ||     4
       Distracted        |     3 |       ||     3
  Eat: Chunk             |     2 |     8 ||    10
       Royal jelly       |       |     1 ||     1
       Pizza             |       |     1 ||     1
